 Dungeon Crawl Stone Soup version 0.28-a0-863-g8cecda6153 (webtiles) character file.

Game seed: 10231749003396608432

1747 TheIRU the Cleaver (level 9, -5/117 HPs)
             Began as a Hill Orc Berserker on Nov 17, 2021.
             Was a Priest of Trog.
             Slain by a nine-headed hydra (10 damage)
             ... on level 6 of the Dungeon on Nov 19, 2021.
             The game lasted 00:31:30 (5780 turns).

TheIRU the Cleaver (Hill Orc Berserker)             Turns: 5780, Time: 00:31:30

Health: -5/117     AC:  7    Str: 23    XL:     9   Next: 6%
Magic:  9/9        EV: 12    Int:  7    God:    Trog [***...]
Gold:   262        SH:  0    Dex: 10    Spells: 8/8 levels left

rFire   . . .      SeeInvis .   v - +2 war axe (vorpal)
rCold   + + .      Faith    .   (no shield)
rNeg    . . .      Spirit   .   j - +1 ring mail
rPois   .          Reflect  .   (no helmet)
rElec   .          Harm     .   g - scarf {rC+ rF+}
rCorr   .          Rampage  .   (no gloves)
Will    .....                   (no boots)
Stlth   ..........              (no amulet)
HPRegen 0.29/turn               m - ring of ice
MPRegen 0.11/turn               (no ring)

@: berserking, lethally poisoned (-5 -> -9), very quick
A: no striking features
a: Renounce Religion, Berserk, Trog's Hand


You were on level 6 of the Dungeon.
You worshipped Trog.
Trog was most pleased with you.
You visited 2 branches of the dungeon, and saw 7 of its levels.
You also visited: Sewer.

You collected 262 gold pieces.

Inventory:

Hand Weapons
 a - a +4 vampiric hand axe
 k - a +1 hunting sling of flaming
 n - a +0 giant club
 r - a +0 mace
 s - a +3 mace
 t - a +2 flail of holy wrath
 v - a +2 vorpal war axe (weapon)
 w - a +2 vorpal trident
Missiles
 d - 10 poisoned darts (quivered)
 l - 96 stones
Armour
 b - a +0 animal skin
 c - a +0 leather armour
 g - a scarf of resistance (worn)
 j - a +1 ring mail (worn)
 o - a +0 scale mail
 x - a +3 leather armour
Jewellery
 m - a ring of ice (left hand)
Scrolls
 f - a scroll of magic mapping
 h - a scroll of identify
 u - a scroll of fear
 y - a scroll of silence {unknown}
 z - a scroll of brand weapon
Potions
 e - a potion of lignification
 i - 3 potions of berserk rage
 p - 3 potions of cancellation
 q - a potion of heal wounds


   Skills:
 * Level 6.7 Fighting
 * Level 10.6 Axes
 * Level 3.0 Slings
 + Level 0.1(1.8) Throwing
 + Level 5.2 Armour
 * Level 3.6 Dodging
 - Level 0.1 Stealth


You had 8 spell levels left.
You didn't know any spells.
Your spell library contained the following spells:

 Spells                   Type           Power      Damage    Failure   Level
 Magic Dart               Conj           0%         1d3       56%         1
 Sandblast                Erth           0%         2d4       56%         1
 Passwall                 Tmut/Erth      0%         N/A       71%         2
 Searing Ray              Conj           0%         2d4       71%         2
 Stone Arrow              Conj/Erth      0%         3d7       91%         3
 Fulminant Prism          Conj/Hex       0%         3d6       100%        4
 Iskenderun's Battlesphe  Conj           0%         2d6       100%        5
 Iron Shot                Conj/Erth      0%         9d1       100%        6
 Spellforged Servitor     Conj/Summ      0%         N/A       100%        7


Dungeon Overview and Level Annotations

Branches:
Dungeon (6/15)             Temple (1/1) D:4           Sewer (visited)

Altars:
Ashenzari
Cheibriados
Dithmenos
Elyvilon
Fedhas
Gozag
Hepliaklqana
Kikubaaqudgha
Makhleb
Nemelex Xobeh
Okawaru
Qazlal
Ru
Sif Muna
Trog
Uskayaw
Vehumet
Wu Jian
Xom
Yredelemnul
Zin
The Shining One

Shops:
D:4 [

Annotations:
D:6 1 transporter, Megustar's ghost, novice DEFE


Message History

Your Armour skill increases to level 5!
You have reached level 9!
Your experience leads to an increase in your attributes!
Increase (S)trength, (I)ntelligence, or (D)exterity?
You feel stronger.
Okay, then.
You slice one of the seven-headed hydra's heads off!
The six-headed hydra grows two more!
You slash the eight-headed hydra!
The eight-headed hydra is lightly wounded.
You slash the sky beast! The sky beast hits you. The sky beast shocks you.
The eight-headed hydra closely misses you.
The eight-headed hydra bites you!
The eight-headed hydra bites you but does no damage.
The eight-headed hydra closely misses you.
The eight-headed hydra bites you!
* * * LOW HITPOINT WARNING * * *
The eight-headed hydra bites you.
* * * LOW HITPOINT WARNING * * *
The eight-headed hydra barely misses you.
The eight-headed hydra bites you but does no damage.
You are too berserk!
You barely miss the eight-headed hydra.
The eight-headed hydra is lightly wounded.
You slash the sky beast! You hit the adder. The adder bites you.
* * * LOW HITPOINT WARNING * * *
You are poisoned.
The adder poisons you!
The sky beast hits you but does no damage.
You chop one of the eight-headed hydra's heads off!
The seven-headed hydra grows two more!
You slash the nine-headed hydra!
The nine-headed hydra is lightly wounded.
You barely miss the sky beast. You barely miss the adder.
You feel sick.
The nine-headed hydra barely misses you.
The nine-headed hydra misses you. x2; The nine-headed hydra bites you!
* * * LOW HITPOINT WARNING * * *
The nine-headed hydra bites you!
* * * LOW HITPOINT WARNING * * *
The nine-headed hydra barely misses you.
The nine-headed hydra bites you!
You die...

##........ #.......#
#.......#.###.....######
........##.............##
#......#.......©.......#
#......#...#########...#
#.........##8.....8##..#
###.......#Y...S....#..#
.##........#.##YDW##.#..#
.......##..#.##.@.##.#..#
...........#....©....#..#
...........#.##...##.#..#
.....<.....#.##...##.#..#
...........#.(......©#..#
...........##8.$[?.8##..#
............#########...#
.#.............)©.......#
##...####..............##


You could see a nine-headed hydra, a sky beast, Megustar's ghost and an adder.

Vanquished Creatures
  A deep elf pyromancer (D:6)
  Pargi (Sewer)
  An ice beast (D:6)
  A sky beast (D:6)
  A black bear (D:6)
  2 necrophages (D:4)
  An ogre (D:4)
  A scorpion (D:5)
  A bullfrog zombie (D:5)
  A jelly (D:6)
  2 bullfrog skeletons
  4 orc priests
  A centaur skeleton (D:4)
  A hound (D:5)
  2 iguanas (D:6)
  2 orc wizards (D:5)
  Robin (D:3)
  8 adders
  An adder skeleton (D:4)
  A worm (D:4)
  2 dart slugs
  17 orcs
  13 ball pythons
  7 endoplasms
  2 giant cockroaches (D:4)
  9 goblins
  13 hobgoblins
  14 jackals
  7 kobolds
  6 quokkas
  6 bats
  8 frilled lizards
  6 rats
144 creatures vanquished.

Notes
Turn   | Place    | Note
-------+----------+-------------------------------------------
     0 | D:1      | TheIRU the Hill Orc Berserker began the quest for the Orb.
     0 | D:1      | Reached XP level 1. HP: 19/19 MP: 1/1
   108 | D:1      | Reached XP level 2. HP: 19/27 MP: 2/2
   141 | D:1      | Found a faded altar of an unknown god.
   505 | D:1      | Reached XP level 3. HP: 32/33 MP: 3/3
  1140 | D:2      | Reached skill level 5 in Axes
  1397 | D:2      | Reached ** piety under Trog
  1398 | D:2      | Reached XP level 4. HP: 40/40 MP: 4/4
  2010 | D:3      | Reached XP level 5. HP: 47/47 MP: 5/5
  2250 | D:3      | Noticed Robin
  2264 | D:3      | Killed Robin
  2487 | D:3      | Reached skill level 6 in Axes
  2575 | D:3      | Found a blossoming altar of Fedhas.
  2576 | D:3      | Found a shimmering altar of Xom.
  2577 | D:3      | Found an opulent altar of Gozag.
  2577 | D:3      | Found a hazy altar of Hepliaklqana.
  2577 | D:3      | Found a sacrificial altar of Ru.
  2578 | D:3      | Found an ornate altar of the Wu Jian Council.
  2579 | D:3      | Found a snail-covered altar of Cheibriados.
  2579 | D:3      | Found a radiant altar of Vehumet.
  2580 | D:3      | Found a white marble altar of Elyvilon.
  2581 | D:3      | Found a sparkling altar of Nemelex Xobeh.
  2581 | D:3      | Found an iron altar of Okawaru.
  3255 | D:4      | Found a staircase to the Ecumenical Temple.
  3271 | D:4      | Noticed an ogre
  3283 | D:4      | Killed an ogre
  3284 | D:4      | Reached XP level 6. HP: 35/53 MP: 6/6
  3304 | Temple   | Entered the Ecumenical Temple
  3633 | D:4      | Found a glowing drain.
  3637 | Sewer    | Entered a sewer
  3654 | Sewer    | Reached *** piety under Trog
  3725 | Sewer    | Noticed Pargi
  3756 | Sewer    | Killed Pargi
  3757 | Sewer    | Reached skill level 7 in Axes
  3757 | Sewer    | Reached skill level 1 in Slings
  3993 | D:4      | Noticed a necrophage
  4016 | D:4      | Killed a necrophage
  4017 | D:4      | Reached skill level 5 in Fighting
  4017 | D:4      | Reached XP level 7. HP: 57/61 MP: 7/7
  4206 | D:4      | Found Zixoz's Armour Shoppe.
  4611 | D:5      | Entered Level 5 of the Dungeon
  5046 | D:5      | Reached skill level 8 in Axes
  5200 | D:5      | Reached XP level 8. HP: 67/67 MP: 8/8
  5583 | D:6      | Reached skill level 9 in Axes
  5656 | D:6      | Noticed a deep elf pyromancer
  5656 | D:6      | Noticed a seven-headed hydra
  5658 | D:6      | Noticed Megustar's ghost (novice DEFE)
  5663 | D:6      | Found a transporter.
  5677 | D:6      | Found a transporter.
  5777 | D:6      | Killed a deep elf pyromancer
  5778 | D:6      | Reached skill level 10 in Axes
  5778 | D:6      | Reached skill level 5 in Armour
  5778 | D:6      | Reached XP level 9. HP: 69/78 MP: 9/9
  5780 | D:6      | HP: 5/117 [nine-headed hydra (9)]
  5780 | D:6      | Slain by a nine-headed hydra

Illustrated notes

Levels and vault maps discovered:
D:1:      dpeg_arrival_chambers_temple_mockup, layout_basic,
          chequers_ecumenical_altar_grove
D:2:      layout_rooms, serial_aquarium, aquarium_bridge_square
          [aquarium_subvault_bridge, aquarium_subvault_wall,
          aquarium_subvault_balcony, aquarium_subvault_wall],
          aquarium_bridge_square [aquarium_subvault_bridge,
          aquarium_subvault_balcony, aquarium_subvault_bridge,
          aquarium_subvault_balcony], aquarium_window_fake, aquarium_window_1,
          aquarium_window_2, aquarium_window_2, aquarium_view_2d
D:3:      layout_loops_corners, nicolae_overflows_in_rows,
          kennysheep_small_spiral, st_stairs_8, amcnicky_mini_corridor_feature,
          minmay_crystal_room, grunt_ministairs_10,
          chequers_serial_rivers_small_b, uniq_robin
D:4:      layout_loops_cross, minmay_temple_entry_crystal_x,
          gup_sewer_entry_spiral, serial_shops, kennysheep_little_box
D:5:      layout_basic
D:6:      layout_cave_pools, gammafunk_ghost_arena, due_unseen_surprise
Temple:   minmay_temple_curvy_loop

Skill      XL: |  1  2  3  4  5  6  7  8 |
---------------+-------------------------+-----
Fighting       | 4 5 6 |  6.7
Axes           | 5 6 7 8 10 | 10.6
Dodging        | 2 3 |  3.6
Armour         | 3 4 5 |  5.2
Slings         | 1 2 3 |  3.0
Throwing       | |  0.1
Stealth        | |  0.1

Action                   |  1- 3 |  4- 6 |  7- 9 || total
-------------------------+-------+-------+-------++-------
Melee: Hand axe          |   115 |   225 |    97 ||   437
       War axe           |       |       |    28 ||    28
 Fire: Hunting sling     |       |     6 |     2 ||     8
Throw: Dart              |     4 |       |       ||     4
Invok: Berserk           |       |     1 |     5 ||     6
  Use: Scroll            |     3 |     6 |     7 ||    16
       Potion            |     1 |     5 |       ||     6
Armor: Leather armour    |    35 |     6 |       ||    41
       Ring mail         |       |    75 |    55 ||   130
Dodge: Dodged            |   107 |   144 |    62 ||   313

Table legend: (Time is in decaauts)
 A = Elapsed time spent in this place.
 B = Non-inter-level travel time spent in this place.
 C = Inter-level travel time spent in this place.
 D = Time resting spent in this place.
 E = Time spent auto-exploring this place.
 F = Levels seen in this place.
 G = Mean time per level.
                   A        B        C        D        E       F      G
               +--------+--------+--------+--------+--------+-----+--------+
         Total |   5884 |   5768 |    116 |     43 |   2409 |   8 |  735.5 |
       Dungeon |   5316 |   5200 |    116 |     43 |   2180 |   6 |  886.0 |
        Temple |    239 |    239 |      0 |      0 |     86 |   1 |  239.0 |
         Sewer |    328 |    328 |      0 |      0 |    143 |   1 |  328.0 |
               +--------+--------+--------+--------+--------+-----+--------+

Top non-repeatable levels by time:
     D:3: 1345 daAuts
     D:1: 1132 daAuts
     D:4: 952 daAuts
     D:2: 850 daAuts
     D:5: 820 daAuts
   Sewer: 328 daAuts
  Temple: 239 daAuts
     D:6: 215 daAuts
